 Dungeon Crawl Stone Soup version 0.24-a0-784-g601f8f6d22 (webtiles) character file.

Game seed: 15661488098467551953, levelgen mode: deterministic

47315 D1HalberdGnoll the Cruncher (level 14, -1/117 HPs)
             Began as a Red Draconian Earth Elementalist on Oct 8, 2019.
             Was a High Priest of Hepliaklqana.
             Slain by a sixfirhy (9 damage)
             ... summoned by an orc high priest
             ... on level 2 of the Orcish Mines on Oct 9, 2019.
             The game lasted 01:03:10 (24109 turns).

D1HalberdGnoll the Cruncher (DrEE)                 Turns: 24109, Time: 01:03:11

Health: -1/117     AC: 12    Str: 10    XL:     14   Next: 8%
Magic:  0/22       EV: 14    Int: 20    God:    Hepliaklqana [*****.]
Gold:   1696       SH:  4    Dex: 13    Spells: 11/23 levels left

rFire    + . .     SeeInvis .   u - staff of earth
rCold    . . .     Gourm    .   C - +0 buckler
rNeg     . . .     Faith    .   (armour unavailable)
rPois    +         Spirit   +   (helmet restricted)
rElec    .         Reflect  .   b - +0 cloak
rCorr    .         Harm     .   (no gloves)
MR       ++...                  E - +2 pair of boots
Stlth    ++........             q - amulet of guardian spirit
HPRegen  0.29/turn              T - ring of poison resistance
MPRegen  0.18/turn              w - ring of protection from magic

@: short of breath, very slightly contaminated, lightly drained
A: breathe fire, unfitting armour, reduced essence, fire resistance 1,
cold-blooded, AC +8
a: Breathe Fire, Recall Ancestor, Ancestor Identity, Transference, Idealise,
Renounce Religion


You were on level 2 of the Orcish Mines.
You worshipped Hepliaklqana.
Hepliaklqana was extremely pleased with you.
You were not hungry.

You visited 4 branches of the dungeon, and saw 19 of its levels.

You collected 2077 gold pieces.
You spent 381 gold pieces at shops.

Inventory:

Armour
 b - a +0 cloak (worn)
 C - a +0 buckler (worn)
 E - a +2 pair of boots (worn)
Magical Staves
 u - an uncursed staff of earth (weapon)
Jewellery
 h - an uncursed ring of see invisible
 q - an amulet of guardian spirit (around neck)
 w - a ring of protection from magic (right hand)
 P - an uncursed ring of ice
 T - a ring of poison resistance (left hand)
Wands
 e - a wand of iceblast (14)
 D - a wand of paralysis (15)
 H - a wand of digging (6)
 I - a wand of scattershot (3)
 J - a wand of polymorph (4)
 K - a wand of flame (38)
Scrolls
 f - a scroll of blinking
 g - 4 scrolls of magic mapping
 i - 2 scrolls of immolation
 j - 14 scrolls of remove curse
 k - 5 scrolls of enchant armour
 n - 5 scrolls of teleportation
 o - a scroll of summoning
 p - a scroll of fog
 r - a scroll of silence
 s - 3 scrolls of identify
 x - a scroll of enchant weapon {unknown}
 F - a scroll of brand weapon {unknown}
 N - a scroll of holy word {unknown}
 O - a scroll of amnesia
 Q - a scroll of acquirement {unknown}
 R - 2 scrolls of fear
Potions
 a - 4 potions of lignification
 d - 7 potions of curing
 l - 4 potions of haste
 m - 5 potions of flight
 t - 2 potions of invisibility
 z - 6 potions of brilliance
 A - a potion of cancellation
 B - 3 potions of resistance
 G - 3 potions of might
 M - 4 potions of heal wounds
 S - a potion of ambrosia
Miscellaneous
 L - a crystal ball of energy
Comestibles
 c - 21 rations
 v - a chunk of flesh


   Skills:
 + Level 13.9(13.7) Fighting
 - Level 14.0(13.8) Staves
 - Level 5.0(4.8) Dodging
 - Level 1.7(1.6) Stealth
 * Level 3.0(2.9) Shields
 + Level 5.4(5.3) Spellcasting
 - Level 5.0(4.8) Necromancy
 - Level 1.0(0.8) Transmutations
 - Level 8.0(7.8) Earth Magic
 - Level 10.1(10.0) Invocations
 + Level 2.1(1.9) Evocations


You had 11 spell levels left.
You knew the following spells:

 Your Spells              Type           Power        Failure   Level  Hunger
a - Sandblast             Erth           ######       1%          1    None
b - Stone Arrow           Conj/Erth      ####..       8%          3    ##.....
c - Lee's Rapid Deconstr  Erth           ######....   14%         5    #####..
p - Passwall              Tmut/Erth      ####....     3%          2    None
s - Animate Skeleton      Necr           N/A          1%          1    None

Your spell library contained the following spells:

 Spells                   Type           Power        Failure   Level  Hunger
 Apportation              Tloc           #.....       12%         1    None
 Confusing Touch          Hex            #.....       12%         1    None
 Corona                   Hex            #......      12%         1    None
 Magic Dart               Conj           #...         12%         1    None
 Summon Small Mammal      Summ           #...         12%         1    None
 Blink                    Tloc           N/A          19%         2    None
 Call Imp                 Summ           #.......     19%         2    None
 Slow                     Hex            #.......     19%         2    None
 Petrify                  Tmut/Erth      ####....     21%         4    ####...
 Leda's Liquefaction      Hex/Erth       ####......   24%         4    ####...
 Conjure Flame            Conj/Fire      #.......     36%         3    ##.....
 Inner Flame              Hex/Fire       #.......     36%         3    ##.....
 Mephitic Cloud           Conj/Pois/Air  #.......     36%         3    ##.....
 Portal Projectile        Hex/Tloc       #.....       36%         3    ##.....
 Cause Fear               Hex            #.........   77%         4    ####...


Dungeon Overview and Level Annotations

Branches:
Dungeon (10/15)            Temple (1/1) D:4            Lair (6/6) D:8
 Shoals (0/4) Lair:3        Snake (0/4) Lair:4        Slime (0/5) Lair:6
    Orc (2/2) D:10            Elf (0/3) Orc:2

Altars:
Ashenzari
Cheibriados
Dithmenos
Elyvilon
Fedhas
Gozag
Hepliaklqana
Kikubaaqudgha
Makhleb
Nemelex Xobeh
Okawaru
Qazlal
Ru
Sif Muna
Trog
Uskayaw
Vehumet
Wu Jian
Xom
Yredelemnul
Zin
The Shining One
Beogh
Jiyva

Shops:
D:5 }   D:7 :   D:10 *(   Orc:2 ??

Annotations:
D:1 exclusion: downstairs
Lair:3 3 runed translucent doors, Fies's ghost, journeyman GnAr
Lair:4 exclusion: downstairs
Lair:6 2 runed translucent doors


Innate Abilities, Weirdness & Mutations

You can breathe blasts of fire.
Your fiery red scales are hard. (AC +8)
You cannot fit into any form of body armour.
Your flesh is heat resistant. (rF+)
You are cold-blooded and may be slowed by cold attacks.
Your life essence is reduced to manifest your ancestor. (-10% HP)


Message History

Press: ? - help, Dir - move target cursor, p - orc high priest You are very lightly contaminated with residual magic.
As you read the scroll of blinking, it crumbles to dust.
Ingiyab barely misses the rust devil.
The orc high priest is engulfed in blazing flames.
The orc high priest utters an invocation to Beogh.
The orc high priest is healed somewhat.
The sixfirhy barely misses you.
The sixfirhy hits you but does no damage.
Ingiyab blocks something's attack.
Something hits Ingiyab but does no damage.
The sixfirhy closely misses you. The sixfirhy hits you.
* * * LOW HITPOINT WARNING * * *
The sixfirhy shocks you!
* * * LOW HITPOINT WARNING * * *
The sixfirhy hits you!
* * * LOW HITPOINT WARNING * * *
The sixfirhy shocks you!
You die...

..####....##........###..........
.####..[..#.........#####........
#.#..#.................#...#....#
...........................#)..#.
#.#..##........^.......#.....)##.
#..##.##................##.#.....
.......##..............###.....#.
.......................##.......#
...............#@.......##.#.#.##
.........[......3##..#.####...###
..................##########.###.
..........).......## ###.#####oo
...............#...# ##34..###4.o
.......#.......#...###.ooR###)4.#
......##...........R#..4.###.#o##
...#.##........#.#..4...###.R)##
...####.........###..[..)###.#.##


You could see the friendly Ingiyab the knight, a hellwing and a sixfirhy.

Vanquished Creatures
  Jorgrun (Orc:1)
  4 hydras
  A catoblepas (Lair:6)
  4 death yaks (Lair:5)
  Nergalle (Lair:2)
  An unseen horror (D:10)
  An orc knight (Orc:1)
  An orc sorcerer (Orc:2)
  A molten gargoyle (Lair:6)
  4 black mambas
  A torpor snail (Lair:4)
  8 spiny frogs
  4 rime drakes
  7 komodo dragons
  A hellwing (Orc:2)
  3 trolls
  14 blink frogs
  A hornet (Lair:6)
  8 hippogriffs
  A spriggan (D:9)
  Sigmund (D:5)
  13 yaks
  3 wyverns
  2 basilisks
  Eustachio (D:5)
  2 hungry ghosts
  2 nagas (Lair:4)
  7 water moccasins
  2 hell hounds (Lair:6)
  4 porcupines
  3 ice beasts
  An eye of draining (D:8)
  14 orc warriors
  A sky beast (D:10)
  4 phantoms
  10 ogres
  4 wolves
  3 centaurs
  10 crocodiles
  2 big kobolds
  12 bullfrogs
  A wyvern zombie (D:9)
  3 scorpions
  3 killer bees (D:10)
  8 wights
  6 howler monkeys
  3 electric eels
  A bullfrog zombie (D:7)
  5 crimson imps
  3 lava snakes
  A quasit (D:9)
  5 hounds
  A jelly (D:7)
  13 orc priests
  6 orc wizards
  Crazy Yiuf (D:5)
  2 bullfrog skeletons
  4 worker ants
  Natasha (D:3)
  A hound skeleton (D:9)
  Robin (D:4)
  5 gnolls
  2 howler monkey skeletons
  13 adders
  2 shadow imps (D:9)
  An adder zombie (D:10)
  An ooze (D:1)
  An adder skeleton (D:7)
  3 worms
  2 dart slugs
  5 leopard geckos
  29 orcs
  5 giant cockroaches
  16 goblins
  9 hobgoblins
  9 jackals
  3 quokkas
  2 ball pythons (D:1)
  8 bats
  A frilled lizard (D:5)
  15 kobolds
  5 leopard gecko skeletons
  A leopard gecko zombie (D:8)
  3 quokka skeletons
  A quokka zombie (D:6)
  4 rats
383 creatures vanquished.

Vanquished Creatures (collateral kills)
  An orc warlord (D:10)
  A two-headed ogre (Orc:1)
  A fire crab (Lair:6)
  An orc knight (Orc:2)
  A merfolk siren (Lair:3)
  A molten gargoyle (Lair:6)
  A black mamba (Lair:6)
  An orange demon (Orc:2)
  4 rime drakes
  4 spiny frogs
  A komodo dragon (Lair:6)
  2 red devils (Orc:2)
  An ice devil (Orc:2)
  A troll (Orc:2)
  6 blink frogs
  2 hippogriffs
  4 wyverns
  A basilisk (Lair:5)
  6 yaks
  A steam dragon (Lair:6)
  2 wargs (Orc:1)
  A naga (Lair:4)
  A hell hound (Lair:6)
  2 porcupines
  4 water moccasins
  11 orc warriors
  2 ogres
  A phantom (D:9)
  2 centaurs
  3 crocodiles
  3 bullfrogs
  2 wights
  An electric eel (Lair:1)
  2 crimson imps (D:10)
  A jelly (D:9)
  4 lava snakes
  8 orc priests
  4 orc wizards (Orc:1)
  A worker ant (D:6)
  A killer bee zombie (D:8)
  A hound zombie (D:8)
  A gnoll (D:9)
  27 orcs
  A hobgoblin (D:4)
  2 kobolds (D:10)
  A quokka skeleton (D:10)
  6 fungi
  2 plants
138 creatures vanquished.

Vanquished Creatures (others)
  A black mamba (Lair:6)
  10 knights
  An ancestor (D:6)
  A bush (Lair:6)
  4 fungi (Lair:6)
  11 plants
28 creatures vanquished.

Grand Total: 549 creatures vanquished

Notes
Turn   | Place    | Note
-------+----------+-------------------------------------------
     0 | D:1      | D1HalberdGnoll the Draconian Earth Elementalist began the
                  | quest for the Orb.
     0 | D:1      | Reached XP level 1. HP: 14/14 MP: 3/3
   159 | D:1      | Reached XP level 2. HP: 22/22 MP: 1/5
   264 | D:1      | Reached skill level 1 in Fighting
  1023 | D:1      | Learned a level 2 spell: Passwall
  1142 | D:2      | Reached XP level 3. HP: 28/28 MP: 3/6
  2007 | D:2      | Learned a level 3 spell: Stone Arrow
  2158 | D:3      | Reached XP level 4. HP: 36/36 MP: 2/7
  2672 | D:3      | Reached XP level 5. HP: 36/42 MP: 4/9
  3020 | D:3      | Noticed Natasha
  3028 | D:3      | Killed Natasha
  3548 | D:4      | Noticed an ogre
  3611 | D:4      | Killed an ogre
  3611 | D:4      | Reached XP level 6. HP: 51/51 MP: 5/11
  3999 | D:4      | Your scales start taking on a fiery red colour.
  3999 | D:4      | Reached XP level 7. HP: 58/58 MP: 0/12
  3999 | D:4      | Gained mutation: Your flesh is heat resistant. (rF+) [Red
                  | Draconian growth]
  4505 | D:4      | Found a staircase to the Ecumenical Temple.
  4518 | Temple   | Entered the Ecumenical Temple
  4676 | Temple   | Became a worshipper of Hepliaklqana the Forgotten
  4904 | D:4      | Noticed Robin
  4915 | D:4      | Killed Robin
  5139 | D:5      | Entered Level 5 of the Dungeon
  5139 | D:5      | Found Hahomod's Gadget Shop.
  5139 | D:5      | Noticed Eustachio
  5146 | D:5      | Killed Eustachio
  5146 | D:5      | Reached skill level 5 in Earth Magic
  5391 | D:5      | Reached XP level 8. HP: 41/60 MP: 9/15
  5597 | D:5      | Found a runed translucent door.
  5598 | D:5      | Noticed Crazy Yiuf
  5603 | D:5      | Killed Crazy Yiuf
  5763 | D:5      | Noticed Sigmund
  5774 | D:5      | Reached skill level 5 in Fighting
  5774 | D:5      | Killed Sigmund
  5774 | D:5      | Reached skill level 1 in Staves
  6312 | D:6      | Reached * piety under Hepliaklqana
  6335 | D:6      | Reached skill level 5 in Spellcasting
  6341 | D:6      | Reached skill level 2 in Staves
  6394 | D:6      | Reached skill level 5 in Dodging
  6674 | D:6      | Reached skill level 3 in Staves
  7262 | D:7      | Found Enner's Book Emporium.
  7269 | D:7      | Reached skill level 4 in Staves
  7385 | D:7      | Reached XP level 9. HP: 46/67 MP: 10/16
  7921 | D:8      | Reached skill level 5 in Staves
  8068 | D:8      | Reached ** piety under Hepliaklqana
  8070 | D:8      | Remembered your ancestor Ingiyab as a knight
  8140 | D:8      | Reached skill level 6 in Staves
  8144 | D:8      | Noticed a troll
  8261 | D:8      | Killed a troll
  8452 | D:8      | Found a staircase to the Lair.
  8479 | D:8      | Reached skill level 7 in Staves
  8679 | D:8      | Reached XP level 10. HP: 72/77 MP: 13/17
  8915 | D:8      | Found a shimmering blue altar of Sif Muna.
  9285 | D:9      | Reached skill level 8 in Staves
  9781 | D:10     | Entered Level 10 of the Dungeon
 10047 | D:9      | Reached skill level 9 in Staves
 10349 | D:10     | Found Byuche's Weapon Shoppe.
 10428 | D:10     | Found a staircase to the Orcish Mines.
 10523 | D:10     | Found a roughly hewn altar of Beogh.
 10622 | D:10     | Found Daont's General Store.
 10636 | D:10     | Noticed an unseen horror
 10645 | D:10     | Killed an unseen horror
 10645 | D:10     | Reached skill level 10 in Staves
 10667 | D:10     | Bought a potion of brilliance for 52 gold pieces
 10667 | D:10     | Bought a potion of might for 52 gold pieces
 10706 | D:10     | Reached *** piety under Hepliaklqana
 11058 | Lair:1   | Entered Level 1 of the Lair of Beasts
 11143 | Lair:1   | Reached XP level 11. HP: 87/87 MP: 13/18
 11542 | Lair:1   | Reached skill level 10 in Fighting
 11542 | Lair:1   | Reached skill level 11 in Staves
 12092 | Lair:1   | Reached **** piety under Hepliaklqana
 12172 | Lair:1   | Learned a level 1 spell: Animate Skeleton
 12667 | Lair:2   | Noticed Nergalle
 12678 | Lair:2   | Killed Nergalle
 12678 | Lair:2   | Reached skill level 1 in Invocations
 13844 | Lair:3   | Reached skill level 12 in Staves
 13850 | Lair:3   | Reached skill level 1 in Necromancy
 13954 | Lair:3   | Noticed an ice dragon
 13958 | Lair:3   | Reached ***** piety under Hepliaklqana
 14252 | Lair:3   | Reached XP level 12. HP: 97/97 MP: 15/19
 14287 | Lair:3   | Found a staircase to the Shoals.
 14574 | Lair:3   | Found a runed translucent gate.
 14574 | Lair:3   | Noticed Fies's ghost (journeyman GnAr)
 14575 | Lair:3   | Found a runed translucent gate.
 14576 | Lair:3   | Found a runed translucent gate.
 15055 | Lair:4   | Found a sacrificial altar of Ru.
 15077 | Lair:4   | Noticed an eight-headed hydra
 15084 | Lair:4   | Killed an eight-headed hydra
 15099 | Lair:4   | Found a staircase to the Snake Pit.
 15183 | Lair:4   | Reached skill level 5 in Invocations
 15381 | Lair:4   | Found a gate leading to a gauntlet.
 15414 | Lair:4   | Reached skill level 13 in Staves
 15486 | Lair:4   | Noticed an eight-headed hydra
 15496 | Lair:4   | Killed an eight-headed hydra
 16199 | Lair:5   | Got a transparent scimitar
 16433 | Lair:5   | Noticed a death yak
 16433 | Lair:5   | Noticed a death yak
 16433 | Lair:5   | Noticed a death yak
 16434 | Lair:5   | Noticed a death yak
 16473 | Lair:5   | Killed a death yak
 16482 | Lair:5   | Killed a death yak
 16488 | Lair:5   | Killed a death yak
 16496 | Lair:5   | Killed a death yak
 16496 | Lair:5   | Reached skill level 5 in Necromancy
 16818 | Lair:5   | Reached XP level 13. HP: 96/105 MP: 13/20
 17198 | Lair:6   | Entered Level 6 of the Lair of Beasts
 17662 | Lair:6   | Reached skill level 14 in Staves
 17767 | Lair:6   | Noticed Sonja
 17768 | Lair:6   | Noticed Sonja
 17768 | Lair:6   | Sonja changed into Sonja the hornet
 17773 | Lair:6   | Killed Sonja the hornet
 17832 | Lair:6   | Found a staircase to the Slime Pits.
 17832 | Lair:6   | Found a viscous altar of Jiyva.
 19529 | Lair:6   | Found a large runed translucent door.
 19529 | Lair:6   | Found a large runed translucent door.
 19569 | Lair:6   | Noticed a fire dragon
 19889 | Lair:6   | Identified the +2 scimitar of Valour {slice, Str+4 Dex+2}
                  | (You found it on level 5 of the Lair of Beasts)
 20121 | Orc:1    | Entered Level 1 of the Orcish Mines
 20398 | Orc:1    | Reached ****** piety under Hepliaklqana
 20398 | Orc:1    | Noticed Jorgrun
 20417 | Orc:1    | Killed Jorgrun
 20426 | Orc:1    | Noticed an orc warlord
 20761 | D:10     | Killed an orc warlord
 20761 | D:10     | Reached skill level 10 in Invocations
 21164 | Orc:1    | Learned a level 5 spell: Lee's Rapid Deconstruction
 21183 | Orc:2    | Entered Level 2 of the Orcish Mines
 21602 | Orc:2    | Reached skill level 1 in Shields
 22409 | Orc:2    | Reached skill level 1 in Evocations
 22439 | Orc:2    | Found a staircase to the Elven Halls.
 22809 | Orc:2    | Upgraded the game from 0.24-a0-779-g36f0aeb843 to
                  | 0.24-a0-784-g601f8f6d22
 23061 | Orc:2    | Found Ofoezesme's Magic Scroll Boutique.
 23385 | Orc:2    | Reached XP level 14. HP: 90/117 MP: 6/21
 23762 | Orc:2    | Found Finoat's Magic Scroll Shop.
 24016 | Orc:2    | Bought a scroll of summoning for 142 gold pieces
 24016 | Orc:2    | Bought 2 scrolls of teleportation for 90 gold pieces
 24016 | Orc:2    | Bought a scroll of teleportation for 45 gold pieces
 24109 | Orc:2    | Slain by a sixfirhy

Levels and vault maps discovered:
D:1:      psy_arrival_spokes, layout_basic
D:2:      layout_basic, first_ration
D:3:      layout_basic, minmay_misc_feat_plants,
          minmay_randomly_rotated_circles, uniq_natasha
D:4:      layout_layer_cave, minmay_temple_entry_gardened_gates, uniq_robin
D:5:      layout_basic, serial_shops, nicolae_shop_stone, serial_rivers,
          chequers_serial_rivers_micro_a, chequers_serial_rivers_small_b,
          chequers_serial_rivers_micro_a, chequers_serial_rivers_large_a,
          uniq_sigmund, uniq_crazy_yiuf_cottage, uniq_eustachio
D:6:      layout_loops_corners
D:7:      layout_rooms, serial_shops, shop
D:8:      layout_rooms, kennysheep_mini, erik_lair_island
D:9:      layout_basic, the_bakery, abandoned_shop, statue_in_the_mist_lemuel
D:10:     layout_big_octagon, minmay_orc_entry_temple_small, serial_shops, shop,
          shop
Temple:   minmay_crystal_snake_temple
Lair:1:   layout_cave_pods, serial_bayou_shore_a, infiniplex_staircase_pool
Lair:2:   layout_regular_city, infiniplex_staircase_pool_2, uniq_nergalle
Lair:3:   layout_long_grid, minmay_shoals_entry_lonely_mermaid,
          gammafunk_ghost_icy, patterned_corridor
Lair:4:   layout_long_grid, guppyfry_snake_entry_island, gauntlet_entry_generic,
          basic_altar, nzn_random_ring
Lair:5:   layout_roguey, grunt_megastairs_3
Lair:6:   cheibrodos_lair_end_hotspot, layout_loops_ring, slime_altar_1,
          minmay_lair_drake_nest, lemuel_fruit_tree, uniq_sonja
Orc:1:    layout_caves, uniq_jorgrun
Orc:2:    pf_orc_diabolical, layout_caves

Skill      XL: |  1  2  3  4  5  6  7  8  9 10 11 12 13 14 |
---------------+-------------------------------------------+-----
Dodging        | 2 3 4 5 |  5.0
Fighting       | 1 2 3 4 6 7 9 10 11 13 | 13.9
Spellcasting   | 3 4 5 |  5.4
Earth Magic    | 4 5 6 7 8 |  8.0
Staves         | 4 7 10 12 13 14 | 14.0
Invocations    | 4 6 10 | 10.1
Necromancy     | 2 5 |  5.0
Shields        | 2 3 |  3.0
Evocations     | 1 2 |  2.1
Stealth        | |  1.7
Transmutations | |  1.0

Action                   |  1- 3 |  4- 6 |  7- 9 | 10-12 | 13-15 || total
-------------------------+-------+-------+-------+-------+-------++-------
Melee: Unarmed           |    10 |       |       |     1 |       ||    11
       Club              |    47 |    31 |    17 |       |       ||    95
       Tailslap          |     4 |     3 |    11 |    35 |    31 ||    84
       Rapier            |       |       |    42 |       |       ||    42
       Quarterstaff      |       |       |   103 |   282 |   124 ||   509
       Staff             |       |       |       |       |   127 ||   127
 Cast: Sandblast         |    51 |    70 |    49 |   215 |    68 ||   453
       Stone Arrow       |       |     5 |    16 |    47 |    99 ||   167
       Animate Skeleton  |       |       |       |    39 |    26 ||    65
Invok: Recall Ancestor   |       |       |     2 |       |       ||     2
       Ancestor Life: Kn |       |       |     1 |       |       ||     1
       Idealise          |       |       |       |       |     4 ||     4
       Transference      |       |       |       |       |     1 ||     1
 Abil: Breathe Fire      |       |       |    18 |    29 |    16 ||    63
Evoke: Wand              |       |       |       |     4 |    11 ||    15
  Use: Scroll            |       |     4 |     8 |    13 |     9 ||    34
 Stab: Sleeping          |     3 |       |     3 |     1 |       ||     7
       Paralysed         |       |       |     2 |     1 |     2 ||     5
       Distracted        |       |       |       |     1 |     1 ||     2
       Confused          |       |       |       |     2 |     1 ||     3
  Eat: Chunk             |     4 |     7 |     8 |    28 |     9 ||    56
       Ration            |       |       |     3 |     2 |     7 ||    12
Armor: Skin              |    38 |    17 |    63 |   104 |    81 ||   303
Dodge: Dodged            |    55 |    53 |   132 |   332 |   227 ||   799
Block: Buckler           |       |       |       |       |    20 ||    20

Table legend:
 A = Non-vault XP
 B = Vault XP
 C = Vault XP percentage of total XP
 D = Non-vault monster count
 E = Vault monster count
 F = Vault count percentage of total count
                 A         B        C        D         E       F
            +---------+---------+-------+---------+---------+-------
      Total |   43721 |   23872 |  35.3 |     385 |     129 |  25.1
            +---------+---------+-------+---------+---------+-------
        D:1 |      34 |       0 |   0.0 |      18 |       0 |   0.0
        D:2 |      56 |       0 |   0.0 |      18 |       0 |   0.0
        D:3 |     187 |      68 |  26.7 |      24 |       6 |  20.0
        D:4 |     515 |      35 |   6.4 |      14 |      11 |  44.0
        D:5 |     536 |     447 |  45.5 |      17 |       3 |  15.0
        D:6 |     773 |       0 |   0.0 |      15 |       0 |   0.0
        D:7 |     579 |       0 |   0.0 |      15 |       0 |   0.0
        D:8 |    1854 |     709 |  27.7 |      21 |       7 |  25.0
        D:9 |    2140 |     215 |   9.1 |      37 |       1 |   2.6
       D:10 |    4170 |     274 |   6.2 |      38 |      10 |  20.8
     Lair:1 |    3653 |       0 |   0.0 |      17 |       0 |   0.0
     Lair:2 |    3341 |     824 |  19.8 |      17 |       1 |   5.6
     Lair:3 |    5128 |     474 |   8.5 |      23 |       1 |   4.2
     Lair:4 |    3057 |    4766 |  60.9 |      13 |      16 |  55.2
     Lair:5 |    8183 |     210 |   2.5 |      28 |       1 |   3.4
     Lair:6 |    4109 |    8488 |  67.4 |      13 |      29 |  69.0
      Orc:1 |    3669 |    2737 |  42.7 |      38 |       1 |   2.6
      Orc:2 |    1737 |    4625 |  72.7 |      19 |      42 |  68.9
            +---------+---------+-------+---------+---------+-------
